 Dungeon Crawl Stone Soup version 0.18-b1-22-ge198996 (webtiles) character file.

178 wvc the Cutter (level 5, 8/35 HPs)
             Began as a Halfling Fighter on May 3, 2016.
             Was an Initiate of Ashenzari.
             Quit the game on level 5 of the Dungeon.
             The game lasted 00:05:25 (3810 turns).

wvc the Cutter (Halfling Fighter)                   Turns: 3810, Time: 00:05:25

Health: 8/35       AC:  5    Str: 16    XL:     5   Next: 89%
Magic:  5/5        EV:  9    Int:  7    God:    Ashenzari [......]
Gold:   114        SH: 10    Dex: 15    Spells: 0 memorised, 4 levels left

rFire  . . .     SeeInvis .     a - +1 rapier (curse)
rCold  . . .     Gourm    .     y - +0 ring mail
rNeg   . . .     Faith    .     c - +1 shield
rPois  .         Spirit   .     (no helmet)
rElec  .         Dismiss  +     (no cloak)
rCorr  +         Reflect  .     (no gloves)
SustAt .         Harm     .     (no boots)
MR     +....                    b - amulet of dismissal
Stlth  +.........               r - ring of protection from magic
                                t - ring of resist corrosion

@: somewhat resistant to hostile enchantments, very unstealthy
A: mutation resistance 1
a: Curse Item, Renounce Religion


You were on level 5 of the Dungeon.
You worshipped Ashenzari.
Ashenzari was noncommittal.
You were not hungry.

You visited 2 branches of the dungeon, and saw 7 of its levels.

You collected 114 gold pieces.

Inventory:

Hand Weapons
 a - a cursed +1 rapier (weapon)
Armour
 c - a +1 shield (worn)
 y - a +0 ring mail (worn)
Jewellery
 b - an amulet of dismissal (around neck)
 k - an uncursed amulet of the gourmand
 r - a ring of protection from magic (right hand)
 s - an uncursed amulet of magic regeneration
 t - a ring of resist corrosion (left hand)
Wands
 j - a wand of polymorph (16/24)
Scrolls
 h - a scroll of teleportation
Potions
 d - a potion of might
 e - a potion of flight
 g - 2 potions of curing
 i - a potion of agility
 l - a potion of resistance {unknown}
 m - a potion of brilliance {unknown}
 n - a potion of lignification {unknown}
 u - a potion of heal wounds {unknown}
 z - a potion of invisibility {unknown}
Books
 x - a book of Misfortune

   Spells                             Type                      Level
   a - Confusing Touch                Hexes                        2
   b - Confuse                        Hexes                        3
   c - Gell's Gravitas                Hexes/Translocation          3
   d - Petrify                        Transmutation/Earth          4
   e - Metabolic Englaciation         Hexes/Ice                    5
   f - Yara's Violent Unravelling     Hexes/Transmutation          5
Comestibles
 f - 4 bread rations
 o - a beef jerky
 q - 2 meat rations
 v - 2 slices of pizza
 w - 4 fruits
 A - a chunk of flesh


   Skills:
 - Level 2.6 Fighting
 + Level 7.4 Short Blades
 - Level 3.2 Armour
 - Level 3.2 Shields


You had 4 spell levels left.
You didn't know any spells.

Dungeon Overview and Level Annotations

Branches:
Dungeon (6/15)             Temple (1/1) D:5

Altars:
Ashenzari
Cheibriados
Dithmenos
Elyvilon
Fedhas
Gozag
Kikubaaqudgha
Makhleb
Nemelex Xobeh
Okawaru
Pakellas
Qazlal
Ru
Trog
Vehumet
Xom
Yredelemnul
Zin
The Shining One


Innate Abilities, Weirdness & Mutations

You are small and have problems with some larger weapons.
You are somewhat resistant to further mutation.


Message History

The orc hits you.
You hit the orc priest but do no damage.
The orc priest is heavily wounded.
The adder closely misses you.
The orc priest calls down the wrath of Beogh upon you.
You resist with some effort. You block the orc's attack.
The orc barely misses you. You block the orc's attack.
You barely miss the orc priest.
The orc priest is heavily wounded.
The adder barely misses you. The orc priest hits you.
The orc hits you but does no damage. The orc completely misses you.
You block the adder's attack.
You barely miss the orc priest.
The orc priest is heavily wounded.
You block the orc's attack. The orc priest hits you. The adder bites you.
* * * LOW HITPOINT WARNING * * *
The orc hits you.
* * * LOW HITPOINT WARNING * * *
You block the orc's attack.
Are you sure you want to abandon this character and quit the game? (Confirm with "yes".)

..!.# ....
...###....
....#..... .........
#. .......# #..
##o....# #..
#.oo...#
#..###.@o...### .
.#...#...S...... .#
................
###.#
##...........##
...### ##....##....#
.....## #....#
##...# ......#
##....### ##..
......## #.##....#
#. #
.......####.##.##.##
.


You could see an orc priest, an adder and 3 orcs.

Vanquished Creatures
  An iguana (D:5)
  A worker ant (D:4)
  5 adders
  4 worms
  4 dart slugs
  3 giant geckos
  2 orcs (D:5)
  6 giant cockroaches
  5 goblins
  3 hobgoblins
  4 jackals (D:3)
  2 quokkas (D:3)
  4 bats
  9 giant newts (D:2)
  5 kobolds
  6 rats
64 creatures vanquished.

Notes
Turn   | Place    | Note
--------------------------------------------------------------
     0 | D:1      | wvc the Halfling Fighter began the quest for the Orb.
     0 | D:1      | Reached XP level 1. HP: 15/15 MP: 1/1
   174 | D:1      | Reached skill level 3 in Short Blades
   354 | D:1      | Reached XP level 2. HP: 20/20 MP: 2/2
   607 | D:1      | Reached skill level 4 in Short Blades
   674 | D:2      | Reached XP level 3. HP: 25/25 MP: 3/3
  1264 | D:2      | Reached skill level 5 in Short Blades
  1544 | D:3      | Reached XP level 4. HP: 18/30 MP: 4/4
  2064 | D:3      | Reached skill level 6 in Short Blades
  2147 | D:3      | Reached XP level 5. HP: 25/35 MP: 5/5
  2692 | D:4      | Found a white marble altar of Elyvilon.
  3037 | D:4      | Reached skill level 7 in Short Blades
  3134 | D:5      | Entered Level 5 of the Dungeon
  3560 | D:5      | Found a staircase to the Ecumenical Temple.
  3633 | Temple   | Entered the Ecumenical Temple
  3742 | Temple   | Became a worshipper of Ashenzari the Shackled
  3810 | D:5      | Quit the game

Skill      XL: |  1  2  3  4  5 |
---------------+----------------+-----
Short Blades   | 3 4 5 6 7 |  7.4
Fighting       | |  2.6
Armour         | |  3.2
Shields        | |  3.2

Action                   |  1- 3 |  4- 6 || total
-------------------------+-------+-------++-------
Melee: Rapier            |   154 |   170 ||   324
Invok: Curse Item        |       |     1 ||     1
  Use: Scroll            |       |     9 ||     9
  Eat: Chunk             |    13 |     2 ||    15
Armor: Scale mail        |    48 |    35 ||    83
       Ring mail         |       |     9 ||     9
Dodge: Dodged            |    30 |    42 ||    72
Block: Shield            |    71 |    72 ||   143
